 Dungeon Crawl Stone Soup version 0.30.1-3-gfc49f6343a (webtiles) character file.

Game seed: 7149013996383488687

171 Atelerd the Digger (level 5, -4/31 HPs)
             Began as an Octopode Earth Elementalist on Aug 1, 2023.
             Slain by an orc
             ... wielding a +0 hand axe
              (6 damage)
             ... on level 3 of the Dungeon.
             The game lasted 00:01:44 (1607 turns).

Atelerd the Digger (Octopode Earth Elementalist)    Turns: 1607, Time: 00:01:45

Health: -4/31      AC:  1    Str:  7    XL:     5   Next: 51%
Magic:  5/10       EV: 13    Int: 20    God:
Gold:   93         SH:  0    Dex: 12    Spells: 9/10 levels left

rFire   . . .        g - +0 mace
rCold   . . .        (no shield)
rNeg    . . .        (helmet restricted)
rPois   .            k - amulet of regeneration
rElec   .            (no ring)
rCorr   .            (no ring)
SInv    .            (no ring)
Will    .....        (no ring)
Stlth   +++          (no ring)
HPRegen 1.05/turn    (no ring)
MPRegen 0.12/turn    (no ring)
                     (no ring)

%: no passive effects
@: attractive
A: almost no armour, amphibious, 8 rings, camouflage 1, gelatinous body 1,
(nimble swimmer 1), tentacles
a: no special abilities


You were on level 3 of the Dungeon.
You visited 1 branch of the dungeon, and saw 3 of its levels.

You collected 93 gold pieces.

Inventory:

Hand Weapons
 g - a +0 mace (weapon)
 i - a +0 dagger
Jewellery
 k - an amulet of regeneration (around mantle)
Scrolls
 c - 2 scrolls of amnesia {unknown}
 d - 3 scrolls of identify {unknown}
 e - a scroll of brand weapon {unknown}
 f - a scroll of poison {unknown}
Potions
 a - a potion of magic
 h - a potion of degeneration {unknown}
 j - 2 potions of curing {unknown}


   Skills:
 - Level 0.2 Maces & Flails
 - Level 2.0 Dodging
 - Level 2.8 Stealth
 + Level 3.3 Spellcasting
 * Level 2.8 Transmutations
 + Level 4.2 Earth Magic


You had 9 spell levels left.
You knew the following spells:

 Your Spells              Type           Power      Damage    Failure   Level
a - Sandblast             Erth           40%        2d10      2%          1

Your spell library contained the following spells:

 Spells                   Type           Power      Damage    Failure   Level
 Passwall                 Tmut/Erth      14%        N/A       4%          2
 Stone Arrow              Conj/Erth      22%        3d8       17%         3
 Scorch                   Fire           6%         2d5       21%         2
 Petrify                  Tmut/Erth      17%        N/A       32%         4
 Flame Wave               Conj/Fire      3%         2d5       80%         4
 Summon Cactus Giant      Summ           1%         N/A       100%        6


Dungeon Overview and Level Annotations

Branches:
Dungeon (3/15)

Altars:

Annotations:
D:2 exclusion: downstairs


Innate Abilities, Weirdness & Mutations

You cannot wear most types of armour.
You are amphibious.
You can wear up to eight rings at the same time.
Your skin changes colour to match your surroundings (Stealth+).
Your rubbery body absorbs attacks. (AC +1, EV +1)
((You are camouflaged when in or above water. (Stealth+)))
You have tentacles for arms and can constrict up to eight enemies at once.


Message History

An endoplasm is nearby!
An endoplasm is nearby!
You can't see any susceptible monsters within range! (Use Z to cast anyway.)
You can't see any susceptible monsters within range! (Use Z to cast anyway.)
The blast of sand hits the endoplasm.
The endoplasm is almost dead.
The endoplasm quivers.
The endoplasm closely misses you.
The blast of sand hits the endoplasm!
You kill the endoplasm!
No target in view!
You can't see any susceptible monsters within range! (Use Z to cast anyway.)
You can't see any susceptible monsters within range! (Use Z to cast anyway.)
You see here 7 gold pieces.
The blast of sand hits the orc priest.
The orc priest is moderately wounded.
The orc priest shouts!
The orc shouts!
The orc priest invokes the aid of Beogh against you.
Beogh smites you!
The blast of sand hits the orc priest.
The orc priest is heavily wounded.
The blast of sand misses the orc priest.
A ball python comes into view.
The orc priest misses you.
The blast of sand misses the orc priest.
The ball python hisses angrily.
The orc priest hits you with a +0 hand axe!
The blast of sand hits the orc priest.
The orc priest is severely wounded.
The orc priest hits you but does no damage.
The orc hits you with a +0 hand axe. x2
The orc priest invokes the aid of Beogh against you.
Beogh smites you!
* * * LOW HITPOINT WARNING * * *
It was a potion of attraction.
You feel attractive to monsters.
The orc priest hits you with a +0 hand axe.
* * * LOW HITPOINT WARNING * * *
The orc hits you with a +0 hand axe.
You die...

........##.# ##....# .
...........#.##.#.# ...
...........#.##...# ....
...)............####....
.............##.#.......
............##..........
...)...........$...†....
##..................#..
........)......@....##
........[<.....oo.###
...............S..#
..................#
.......##...........
#######
.....................
#......
.....................
###...o..
######...............
...o.oo. #.....###~..~#
#..##.o....


You could see an orc priest, an orc and a ball python.

Vanquished Creatures
  A phantom (D:3)
  Jessica (D:2)
  A dart slug (D:2)
  5 orcs
  4 ball pythons
  4 bats
  2 endoplasms
  7 giant cockroaches
  6 hobgoblins
  10 jackals
  3 quokkas
  A frilled lizard (D:2)
  3 goblins
  6 kobolds
  2 rats
56 creatures vanquished.

Notes
Turn   | Place    | Note
-------+----------+-------------------------------------------
     0 | D:1      | Atelerd the Octopode Earth Elementalist began the quest for
                  | the Orb.
     0 | D:1      | Reached XP level 1. HP: 11/11 MP: 3/3
    86 | D:1      | You fall into a shaft and drop 1 floor!
   191 | D:2      | Reached XP level 2. HP: 17/17 MP: 3/5
   367 | D:2      | Noticed Jessica
   371 | D:2      | Killed Jessica
   372 | D:2      | Reached XP level 3. HP: 19/21 MP: 5/7
   724 | D:1      | Reached XP level 4. HP: 26/27 MP: 4/8
  1451 | D:3      | Noticed a phantom
  1453 | D:3      | Reached skill level 4 in Earth Magic
  1521 | D:3      | Killed a phantom
  1522 | D:3      | Reached XP level 5. HP: 23/31 MP: 3/10
  1607 | D:3      | Slain by an orc

Illustrated notes

Levels and vault maps discovered:
D:1:      doesnt_arrival_eight_statues, layout_loops_ring
D:2:      layout_basic, uniq_jessica
D:3:      layout_rooms, fountainhead, uniq_robin

Skill      XL: |  1  2  3  4 |
---------------+-------------+-----
Spellcasting   | 3 |  3.3
Earth Magic    | 4 |  4.2
Transmutations | 2 |  2.8
Maces & Flails | |  0.2
Dodging        | |  2.0
Stealth        | |  2.8

Action                     |  1- 3 |  4- 6 || total
---------------------------+-------+-------++-------
  Melee: Unarmed           |     3 |       ||     3
         Constrict         |     4 |     5 ||     9
         Tentacles         |     3 |     1 ||     4
         Mace              |    14 |    10 ||    24
   Cast: Sandblast         |    26 |    46 ||    72
    Use: Potion            |       |     1 ||     1
   Stab: Sleeping          |     1 |     1 ||     2
 Armour: Skin              |     1 |     7 ||     8
  Dodge: Dodged            |    24 |    27 ||    51
